 Dungeon Crawl Stone Soup version 0.30-a0-643-g638baaf3f0 (webtiles) character file.

Game seed: 16650177709456831396

6511 Citaku the Protected (level 10, -1/90 HPs)
             Began as a Minotaur Fighter on Jan 16, 2023.
             Was an Initiate of Gozag.
             Killed from afar by an acid dragon (30 damage)
             ... with a splash of acid
             ... on level 8 of the Dungeon.
             The game lasted 00:12:18 (7502 turns).

Citaku the Protected (Minotaur Fighter)             Turns: 7502, Time: 00:12:19

Health: -1/90      AC:  0    Str: 25    XL:     10   Next: 69%
Magic:  9/9        EV:  8    Int:  5    God:    Gozag
Gold:   609        SH: 10    Dex: 10    Spells: 9/9 levels left

rFire   . . .      SeeInvis .    l - +8 long sword "Qaysywai" {spect, rC+}
rCold   + . .      Faith    .    B - +0 kite shield
rNeg    . . .      Spirit   .    b - +0 scale mail
rPois   +          Reflect  .    (helmet restricted)
rElec   .          Harm     .    D - +0 cloak
rCorr   .          Rampage  .    w - +0 pair of gloves
Will    .....                    (no boots) Stlth
                                 (no amulet)
HPRegen 0.35/turn                f - ring of poison resistance
MPRegen 0.11/turn                (no ring)

@: corroded, hasted, very quick
A: horns 2, retaliatory headbutt
a: Renounce Religion, Potion Petition, Call Merchant, Bribe Branch


You were on level 8 of the Dungeon.
You worshipped Gozag.
Gozag was pleased with you.
You visited 2 branches of the dungeon, and saw 10 of its levels.

You collected 700 gold pieces.
You paid 91 gold pieces to Gozag.

Inventory:

Hand Weapons
 l - the +8 long sword "Qaysywai" (weapon) {spect, rC+}
   (You found it on level 2 of the Dungeon)

   rC:        It protects you from cold.
Missiles
 p - a throwing net (quivered)
Armour
 b - a +0 scale mail (worn)
 c - a +2 pair of boots
 w - a +0 pair of gloves (worn)
 B - a +0 kite shield (worn)
 D - a +0 cloak (worn)
Jewellery
 f - a ring of poison resistance (left hand)
 n - a ring of ice
 J - a ring of flight
Wands
 r - a wand of mindburst (2)
 G - a wand of charming (10)
 H - a wand of flame (7)
Scrolls
 a - 2 scrolls of blinking
 e - 2 scrolls of identify
 g - a scroll of brand weapon
 i - a scroll of noise
 o - 4 scrolls of teleportation
 q - a scroll of magic mapping
 s - a scroll of enchant weapon
Potions
 d - 4 potions of might
 j - 8 potions of lignification
 k - 3 potions of attraction
 m - 2 potions of curing
 t - a potion of brilliance
 x - 4 potions of mutation


   Skills:
 + Level 8.7 Fighting
 * Level 11.5 Axes
 * Level 11.9 Armour
 + Level 8.7 Shields


You had 9 spell levels left.
You didn't know any spells.
Your spell library contained the following spells:

 Spells                   Type           Power      Damage    Failure   Level
 Freeze                   Ice            0%         1d3       94%         1
 Magic Dart               Conj           0%         1d3       94%         1
 Shock                    Conj/Air       0%         1d3       94%         1
 Sting                    Tmut/Pois      0%         1d3       94%         1
 Call Imp                 Summ           0%         N/A       98%         2
 Cigotuvi's Dreadful Rot  Necr/Pois/Air  0%         N/A       98%         2
 Poisonous Vapours        Pois/Air       0%         N/A       98%         2
 Frozen Ramparts          Ice            0%         1d1       100%        3
 Hailstorm                Conj/Ice       0%         3d3       100%        3
 Inner Flame              Hex/Fire       0%         N/A       100%        3
 Mephitic Cloud           Conj/Pois/Air  0%         N/A       100%        3
 Swiftness                Air            0%         N/A       100%        3
 Airstrike                Air            0%         2d(0-16)  100%        4
 Cause Fear               Hex            0%         N/A       100%        4
 Olgreb's Toxic Radiance  Pois           0%         N/A       100%        4
 Discord                  Hex            0%         N/A       100%        8


Dungeon Overview and Level Annotations

Branches:
Dungeon (9/15)             Temple (1/1) D:6            Lair (0/5) D:8
    Orc: D:9-12

Altars:
Ashenzari
Cheibriados
Dithmenos
Elyvilon
Fedhas
Gozag
Hepliaklqana
Kikubaaqudgha
Makhleb
Nemelex Xobeh
Okawaru
Qazlal
Ru
Sif Muna
Trog
Uskayaw
Vehumet
Wu Jian
Xom
Yredelemnul
Zin
The Shining One

Shops:
D:1 [

Annotations:
D:8 Maggie


Innate Abilities, Weirdness & Mutations

You have a pair of horns on your head.
You reflexively headbutt those who attack you in melee.


Message History

You see here a +0 mace.
The acid dragon spits acid at you. The splash of acid hits you.
The acid corrodes you!
You hear a shout!
You feel yourself speed up.
You hit the acid dragon.
You headbutt the acid dragon, but do no damage.
The acid dragon is lightly wounded.
The acid dragon barely misses you. You block the acid dragon's attack.
You hit the acid dragon but do no damage.
Your headbutt misses the acid dragon.
The acid dragon is lightly wounded.
The acid dragon bites you. You block the acid dragon's attack.
You barely miss the acid dragon. Your headbutt misses the acid dragon.
The acid dragon is lightly wounded.
You block the acid dragon's attack. The acid dragon claws you.
A kobold comes into view. It is wielding a +0 short sword.
You hit the acid dragon. Your headbutt misses the acid dragon.
The acid dragon is moderately wounded.
The acid dragon barely misses you. The acid dragon claws you.
You barely miss the acid dragon.
The acid dragon is moderately wounded.
You block the acid dragon's attack. The acid dragon claws you.
You barely miss the acid dragon.
The acid dragon is moderately wounded.
The acid dragon closely misses you. You furiously retaliate!
You headbutt the acid dragon, but do no damage.
You block the acid dragon's attack.
You hit the acid dragon but do no damage.
The acid dragon is moderately wounded.
The acid dragon closely misses you. The acid dragon claws you.
You barely miss the acid dragon. Your headbutt misses the acid dragon.
The acid dragon is moderately wounded.
You block the acid dragon's attack. x2
You hit the acid dragon.
The acid dragon is heavily wounded.
The acid dragon spits acid at you. The splash of acid hits you!!
You die...
Your body crumbles into a pile of gold.

*<****,*********#######.........
*,* *>,,,,,,,,,..........#####.
*,* ****,,,,,,,................
*,* ********#######.###.###. *,*
#.###.# #> *,* #######.....# #.
*,* #...........# #.
*,******#########.######....###.
*,,,,,,,.......@DK..............
*********#########.######......##
,,,,,,,,,,,,,,..#.)...# #...##.##
,*************#.#.....# #...##.##
,*<,,,,,,,* #(#.#...# ######..#
,********,* ###.......# ######...
,,,,,,,,*,* #.........###........
***,,,*,#.###....##.........###..
*,,,*,#.......#.####...####,#..


You could see an acid dragon (catching breath) and a kobold.

Vanquished Creatures
  2 two-headed ogres
  Pikel (D:4)
  A gargoyle (D:8)
  An efreet (D:8)
  A slime creature (D:8)
  A wyvern (D:8)
  6 yaks (D:8)
  A basilisk (D:8)
  4 water moccasins
  An orc warrior (D:7)
  4 ice beasts
  2 sky beasts
  An ogre (D:7)
  A lemure (D:4)
  2 centaurs (D:8)
  2 kobold brigands (D:6)
  A gnoll sergeant (D:5)
  3 bullfrogs (D:8)
  2 scorpions
  5 wights (D:7)
  3 killer bees (D:8)
  The ghost of lurtze1 the Insei, a weakling DsTm (D:3)
  A centaur zombie (D:3)
  A bullfrog zombie (D:3)
  5 orc priests
  A bullfrog skeleton (D:3)
  3 hounds
  6 iguanas
  5 orc wizards
  4 gnolls (D:5)
  6 adders
  2 ufetubi (D:6)
  A worm (D:4)
  2 dart slugs (D:5)
  19 orcs
  5 bats
  6 endoplasms
  3 giant cockroaches
  8 hobgoblins
  3 jackals (D:2)
  2 quokkas
  5 ball pythons
  4 frilled lizards
  12 goblins
  14 kobolds
  5 rats (D:1)
169 creatures vanquished.

Vanquished Creatures (others)
  A wizard (D:9)
  An orc wizard (D:8)
  2 fungi (D:8)
  17 plants (D:8)
21 creatures vanquished.

Grand Total: 190 creatures vanquished

Notes
Turn   | Place    | Note
-------+----------+-------------------------------------------
     0 | D:1      | Citaku the Minotaur Fighter began the quest for the Orb.
     0 | D:1      | Reached XP level 1. HP: 19/19 MP: 0/0
    19 | D:1      | Found Qoneeter's Armour Shoppe.
   200 | D:1      | Reached XP level 2. HP: 26/27 MP: 1/1
   619 | D:2      | Found a glowing golden altar of the Shining One.
   795 | D:2      | Reached XP level 3. HP: 32/33 MP: 2/2
   908 | D:2      | Identified the +8 long sword "Qaysywai" {spect, rC+}
  1374 | D:3      | Reached XP level 4. HP: 28/40 MP: 3/3
  1508 | D:3      | Reached skill level 5 in Armour
  1512 | D:3      | Reached XP level 5. HP: 35/46 MP: 4/4
  1607 | D:3      | Found a transporter.
  1675 | D:3      | Found a transporter.
  1707 | D:3      | Noticed lurtze1's ghost (weakling DsTm)
  1794 | D:3      | Reached XP level 6. HP: 45/53 MP: 5/5
  1795 | D:3      | Killed lurtze1's ghost
  1917 | D:4      | Reached skill level 5 in Axes
  2071 | D:4      | Noticed Pikel
  2078 | D:4      | Killed Pikel
  2079 | D:4      | Reached skill level 5 in Fighting
  2079 | D:4      | Reached skill level 5 in Shields
  2079 | D:4      | Reached XP level 7. HP: 44/61 MP: 6/6
  2271 | D:4      | You fall into a shaft and drop 3 floors!
  2343 | D:5      | Entered Level 5 of the Dungeon
  2421 | D:5      | Reached XP level 8. HP: 45/70 MP: 7/7
  2638 | D:5      | Found a glowing golden altar of the Shining One.
  4457 | D:6      | Found a staircase to the Ecumenical Temple.
  4522 | Temple   | Entered the Ecumenical Temple
  4611 | Temple   | Became a worshipper of Gozag Ym Sagoz the Greedy
  4773 | D:6      | Reached XP level 9. HP: 70/78 MP: 8/8
  5096 | D:7      | Noticed a two-headed ogre
  5102 | D:7      | Killed a two-headed ogre
  5346 | D:7      | Reached skill level 10 in Armour
  6248 | D:8      | Noticed a two-headed ogre
  6255 | D:8      | Killed a two-headed ogre
  6256 | D:8      | Reached skill level 10 in Axes
  6303 | D:8      | Reached XP level 10. HP: 80/88 MP: 9/9
  6352 | D:8      | Found a staircase to the Lair.
  6884 | D:8      | Noticed Maggie
  6889 | D:8      | Noticed a gargoyle
  6894 | D:8      | Noticed a gargoyle
  6896 | D:8      | Noticed a boulder beetle
  7086 | D:8      | HP: 4/90 [boulder beetle (4)]
  7350 | D:9      | Found a bloodstained altar of Trog.
  7353 | D:9      | Noticed a wizard
  7359 | D:9      | Killed a wizard
  7461 | D:8      | Killed a gargoyle
  7502 | D:8      | Killed from afar by an acid dragon

Illustrated notes

Levels and vault maps discovered:
D:1:      minmay_arrival_solitary_statue, layout_basic, serial_shops,
          nicolae_shop_statue_plus, serial_bayou_lagoon_a
D:2:      layout_basic, basic_altar
D:3:      layout_rooms, gammafunk_ghost_mausoleum
D:4:      layout_loops_corners, dreamdust_mushroom_princess,
          wad_floor_pattern_untrapped, uniq_pikel
D:5:      layout_layer_cave, lemuel_crystal_altar
D:6:      layout_basic, temple_pool_b
D:7:      layout_basic
D:8:      layout_basic, minmay_lair_entry_grove, minmay_pinched_square,
          uniq_maggie
D:9:      cheibrodos_steamvent, layout_stronghold, trog_wizard,
          kennysheep_orc_monster_closet_entryway, gammafunk_ghost_split,
          minmay_misc_feat_secret_circle
Temple:   nicolae_temple_bog_church

Skill      XL: |  1  2  3  4  5  6  7  8  9 10 |
---------------+-------------------------------+-----
Armour         | 4 5 7 9 10 11 | 11.9
Axes           | 3 4 6 8 10 11 | 11.5
Fighting       | 4 5 6 7 8 |  8.7
Shields        | 4 5 6 7 8 |  8.7

Action                   |  1- 3 |  4- 6 |  7- 9 | 10-12 || total
-------------------------+-------+-------+-------+-------++-------
Melee: War axe           |    66 |       |       |       ||    66
       Headbutt          |     5 |     6 |    25 |    20 ||    56
       Long sword        |    23 |    47 |   131 |    99 ||   300
  Use: Scroll            |       |       |    19 |     4 ||    23
       Potion            |       |       |     5 |     6 ||    11
 Stab: Distracted        |       |       |     1 |     4 ||     5
Armor: Scale mail        |    45 |    16 |    55 |    35 ||   151
Dodge: Dodged            |    39 |    22 |    46 |    46 ||   153
Block: Buckler           |    19 |    11 |     2 |       ||    32
       Kite shield       |       |       |    48 |    56 ||   104

Table legend: (Time is in decaauts)
 A = Elapsed time spent in this place.
 B = Non-inter-level travel time spent in this place.
 C = Inter-level travel time spent in this place.
 D = Time resting spent in this place.
 E = Time spent auto-exploring this place.
 F = Levels seen in this place.
 G = Mean time per level.
                   A        B        C        D        E       F      G
               +--------+--------+--------+--------+--------+-----+--------+
         Total |   7695 |   7419 |    276 |    694 |   5337 |  10 |  769.5 |
       Dungeon |   7459 |   7183 |    276 |    694 |   5171 |   9 |  828.8 |
        Temple |    235 |    235 |      0 |      0 |    166 |   1 |  235.0 |
               +--------+--------+--------+--------+--------+-----+--------+

Top non-repeatable levels by time:
     D:5: 1438 daAuts
     D:7: 1198 daAuts
     D:8: 1106 daAuts
     D:4: 908 daAuts
     D:2: 756 daAuts
     D:1: 634 daAuts
     D:6: 558 daAuts
     D:3: 552 daAuts
     D:9: 306 daAuts
  Temple: 235 daAuts
